 Dungeon Crawl Stone Soup version 0.26-a0-651-gb41185065b (webtiles) character file.

Game seed: 12659263981025432667

30303 Apogee the Reanimator (level 13, -11/162 HPs)
             Began as a Demonspawn Necromancer on Oct 27, 2020.
             Was the Champion of Jiyva.
             Killed from afar by a deep elf mage (21 damage)
             ... with a bolt of cold
             ... on level 13 of the Dungeon.
             The game lasted 00:38:17 (16676 turns).

Apogee the Reanimator (Demonspawn Necromancer)     Turns: 16676, Time: 00:38:18

Health: -11/162    AC: 26    Str: 10    XL:     13   Next: 19%
Magic:  0/26       EV:  2    Int: 26    God:    Jiyva [******]
Gold:   665        SH:  0    Dex: 12    Spells: 17/31 levels left

rFire    . . .     SeeInvis .   z - +4 quarterstaff of Xediof {vorpal, rElec}
rCold    . . .     Faith    +   (shield currently unavailable)
rNeg     + + +     Spirit   +   (armour currently unavailable)
rPois    +         Reflect  .   (helmet currently unavailable)
rElec    +         Harm     .   (cloak currently unavailable)
rCorr    +         Rampage  .   (gloves currently unavailable)
MR       +....     Clarity  +   (boots currently unavailable) Stlth ++........NoTele +
                                f - amulet of faith {!P}
HPRegen  0.37/turn              l - ring of protection from magic
MPRegen  0.40/turn              E - +4 ring of evasion

@: tree-form (expiring), berserk cooldown, stab, hasted and slowed, invisible
A: clarity, clever 2, mutation resistance 1, wild magic 1, magic shield, magic
regeneration
a: Request Jelly, Slimify, Cure Bad Mutation, Renounce Religion


You were on level 13 of the Dungeon.
You worshipped Jiyva.
Jiyva was exalted by your worship.
You were a tree.
You visited 3 branches of the dungeon, and saw 18 of its levels.

You collected 665 gold pieces.

Inventory:

Hand Weapons
 z - the +4 quarterstaff of Xediof (weapon) {vorpal, rElec}
   (You found it on level 3 of the Lair of Beasts)

   It inflicts extra damage upon your enemies.
   It insulates you from electricity.
Armour
 a - a +0 pair of boots (melded)
   (You found it on level 4 of the Dungeon)
 c - a +0 pair of gloves of strength (melded)
   (You found it on level 1 of the Dungeon)
 A - a +0 helmet (melded)
   (You found it on level 1 of the Lair of Beasts)
 D - the +3 leather armour of the Clam (melded) {MR++ Slay-3}
   (You found it on level 1 of the Lair of Beasts)

   It affects your accuracy and damage with ranged weapons and melee attacks
   (-3).
   It affects your resistance to hostile enchantments.
Jewellery
 f - an amulet of faith (around neck) {!P}
   (You found it on level 1 of the Dungeon)
 l - a ring of protection from magic (left branch)
   (You found it on level 2 of the Lair of Beasts)
 E - a +4 ring of evasion (right branch)
   (You found it on level 6 of the Dungeon)
 J - an uncursed ring of protection from magic
   (You took it off a centaur on level 14 of the Dungeon)
Wands
 q - a wand of polymorph (3)
   (You found it on level 4 of the Dungeon)
 t - a wand of flame (41)
   (You found it on level 1 of the Lair of Beasts)
 u - a wand of paralysis (12)
   (You found it on level 2 of the Lair of Beasts)
Scrolls
 g - a scroll of remove curse {@r2}
 i - 2 scrolls of fog
 m - 2 scrolls of teleportation {unknown}
 o - 2 scrolls of enchant weapon {unknown}
 s - a scroll of immolation {unknown}
 w - 4 scrolls of magic mapping
 x - a scroll of silence {unknown}
 y - a scroll of fear {unknown}
 B - a scroll of acquirement {unknown}
 F - 3 scrolls of amnesia
 H - 2 scrolls of enchant armour {unknown}
Potions
 b - a potion of lignification {!q}
 e - 4 potions of degeneration {!q}
 h - 2 potions of mutation {!q}


   Skills:
 - Level 12.0 Fighting
 - Level 4.0 Staves
 - Level 10.0 Armour
 + Level 4.4 Dodging
 - Level 1.7 Stealth
 - Level 9.8 Spellcasting
 - Level 12.0 Necromancy


You had 17 spell levels left.
You knew the following spells:

 Your Spells              Type           Power        Failure   Level
a - Pain                  Necr           ####         1%          1
b - Animate Dead          Necr           #######...   1%          4
c - Agony                 Necr           #######.     1%          5
q - Vampiric Draining     Necr           #######...   1%          3
u - Animate Skeleton      Necr           ######       1%          1

Your spell library contained the following spells:

 Spells                   Type           Power        Failure   Level
 Summon Small Mammal      Summ           ###.         8%          1
 Call Imp                 Summ           ###.....     11%         2
 Call Canine Familiar     Summ           ###.....     21%         3
 Confusing Touch          Hex            ###.....     21%         3
 Gell's Gravitas          Tloc           ###.......   21%         3
 Static Discharge         Conj/Air       ###.....     21%         3
 Summon Guardian Golem    Hex/Summ       ###.....     21%         3
 Petrify                  Tmut/Erth      ###.....     52%         4
 Summon Ice Beast         Ice/Summ       ###.....     52%         4
 Summon Lightning Spire   Summ/Air       ###.....     52%         4
 Lightning Bolt           Conj/Air       ###.......   85%         5
 Metabolic Englaciation   Hex/Ice        ###.......   85%         5
 Yara's Violent Unravell  Hex/Tmut       ###.......   85%         5
 Ignition                 Fire           ###.......   100%        8
 Shatter                  Erth           ###.......   100%        9
 Tornado                  Air            ###.......   100%        9


Dungeon Overview and Level Annotations

Branches:
Dungeon (14/15)            Temple (1/1) D:5            Lair (3/6) D:10
 Shoals (0/4) Lair:3        Snake (0/4) Lair:3
    Orc: D:9-12      Vaults: D:13-14

Altars:
Cheibriados
Dithmenos
Elyvilon
Fedhas
Gozag
Hepliaklqana
Kikubaaqudgha
Makhleb
Nemelex Xobeh
Okawaru
Ru
Uskayaw
Wu Jian
The Shining One
Jiyva

Shops:
D:11 (

Annotations:
D:4 Grinder


Innate Abilities, Weirdness & Mutations

((You have very sharp fingernails.))
((You are mostly covered in molten scales. (AC +3)))
((You are partially covered in sharp spines.))
When hurt, damage is shared between your health and your magic reserves.
You regenerate magic rapidly.
((You have sharp toenails.))
You possess an exceptional clarity of mind.
Your mind is very acute. (Int +4)
((Your flesh is cold resistant. (rC+)))
You are somewhat resistant to further mutation.
Your spells are a little harder to cast, but a little more powerful.
((You are covered in slimy tendrils that may disarm your opponents.))
((You have a small jelly attached to you that may absorb incoming projectiles.))


Message History

The killer bee stings you!
* * * LOW HITPOINT WARNING * * *
The killer bee stings you!
* * * LOW HITPOINT WARNING * * *
The killer bee stings you but does no damage.
The ice beast hits you but does no damage.
The killer bee stings you but does no damage.
The deep elf mage hits you but does no damage.
The killer bee stings you but does no damage.
The jelly hits the killer bee.
The killer bee is splashed with acid.
The acid corrodes the killer bee!
Unknown command.
The helpless killer bee fails to defend itself.
You sock the killer bee!
The killer bee stings you but does no damage. x3
The killer bee completely misses you.
The killer bee stings you but does no damage.
The ice beast hits you but does no damage.
The killer bee stings you but does no damage.
The deep elf mage hits you but does no damage.
The killer bee stings you but does no damage.
The jelly hits the killer bee.
The killer bee is splashed with acid.
The killer bee seems to be corroded for longer.
The ice beast hits you but does no damage.
Unknown command.
You feel better.
The killer bee stings you but does no damage. x5
The deep elf mage hits you but does no damage.
The killer bee stings you but does no damage.
The jelly completely misses the killer bee.
The ice beast hits you but does no damage.
Unknown command.
Unknown command.
Unknown command.
It was a potion of flight.
Your roots keep you in place.
The killer bee stings you but does no damage. x5
The deep elf mage hits you but does no damage.
The killer bee stings you but does no damage.
The ice beast hits you but does no damage.
It was a potion of invisibility.
You fade into invisibility!
The killer bee stings you but does no damage. x2
The killer bee barely misses you. The killer bee stings you!
* * * LOW HITPOINT WARNING * * *
The killer bee stings you.
* * * LOW HITPOINT WARNING * * *
The killer bee stings you but does no damage.
The deep elf mage gestures at you while chanting.
The bolt of cold hits you!!
You die...

#...........#....#
+...........#....#.....#
#...........'....#.....#
#...........#...##.....#
###'###.....#...##.....#
......#.....#..>.......#
##....+.....+.yy##....#
##....#.....#.ye##Y...#######
.#....#....[#.yy♣YY..........
.#....#.....#.Jy##...........
.#....#.....######...........
.#....#.....+................
##....#.....#................
#.....#................####
#.....#'####....########...
#........###....#..........
+........#......#..........


You could see a deep elf mage, 3 ice beasts, a meliai, 5 killer bees and a
neutral jelly (wandering) (fellow slime).

Vanquished Creatures
  Fannar (Lair:2)
  A centaur warrior (D:14)
  2 hydras (Lair:3)
  7 two-headed ogres
  Sonja (Lair:3)
  An unseen horror (D:10)
  2 wizards (D:14)
  A manticore (Lair:3)
  3 ugly things
  A cyclops (D:13)
  A centaur zombie (D:14)
  5 black mambas
  A gargoyle (D:13)
  7 cane toads
  A rime drake (Lair:2)
  5 komodo dragons
  2 trolls
  2 meliai (D:13)
  A polar bear (Lair:3)
  A queen bee (D:13)
  A hornet (D:11)
  10 blink frogs
  4 hippogriffs
  A small abomination (D:14)
  A shadow (D:14)
  A spriggan (Lair:3)
  A wraith (D:14)
  2 hogs (D:10)
  13 yaks
  2 wargs (D:10)
  8 water moccasins
  4 porcupines
  An orc warrior (D:11)
  A black bear (Lair:3)
  3 ice beasts
  2 phantoms
  2 sky beasts
  7 centaurs
  5 ogres
  A boggart (D:5)
  A necrophage (D:6)
  3 crocodiles
  6 bullfrogs
  A wyvern skeleton (D:13)
  2 scorpions
  8 killer bees (D:13)
  3 howler monkeys
  A quasit (D:6)
  4 hounds
  4 orc wizards
  3 bullfrog skeletons
  5 orc priests
  3 centaur skeletons
  2 iguanas
  Ijyb (D:4)
  8 worker ants
  A hound zombie (D:5)
  2 hound skeletons
  2 worker ant zombies
  Robin (D:4)
  3 gnolls (D:7)
  14 adders
  2 shadow imps
  2 white imps
  2 ufetubi
  2 oozes
  2 dart slugs
  6 leopard geckos
  21 orcs
  8 bats
  3 giant cockroaches
  10 goblins
  9 hobgoblins
  9 jackals
  7 quokkas
  2 ball pythons
  3 frilled lizards
  A jackal skeleton (D:4)
  7 kobolds
  A quokka skeleton (D:4)
  8 rats
299 creatures vanquished.

Vanquished Creatures (collateral kills)
  Erolcha (D:10)
  Erica (D:9)
  A human (D:10)
  A hog (D:10)
  3 orc warriors
  An orc priest (D:10)
  An orc wizard (D:10)
  A shadow imp (D:10)
  3 orcs
13 creatures vanquished.

Vanquished Creatures (others)
  Psyche (D:10)
  3 kobold demonologists (D:13)
  A slime creature (D:13)
  2 wraiths
  2 yaks (D:10)
  3 humans (D:14)
  A soldier ant (D:14)
  An acid dragon (D:14)
  An orc warrior (D:7)
  A black bear (D:11)
  2 big kobolds (D:13)
  2 bullfrogs
  54 jellies
  2 howler monkeys
  A quasit (D:11)
  3 orc priests
  4 hounds
  2 worker ants
  3 orc wizards
  A worker ant zombie (D:7)
  3 adders
  A shadow imp (D:8)
  An ufetubus (D:7)
  An adder zombie (D:6)
  13 orcs
  6 jackals (D:8)
  2 kobolds (D:13)
  20 fungi
  35 plants
172 creatures vanquished.

Grand Total: 484 creatures vanquished

Notes
Turn   | Place    | Note
-------+----------+-------------------------------------------
     0 | D:1      | Apogee the Demonspawn Necromancer began the quest for the
                  | Orb.
     0 | D:1      | Reached XP level 1. HP: 13/13 MP: 3/3
   262 | D:1      | Gained mutation: You have sharp fingernails. [demonic
                  | ancestry]
   262 | D:1      | Reached XP level 2. HP: 18/19 MP: 1/5
  1204 | D:2      | Found a burning altar of Makhleb.
  1312 | D:2      | Reached skill level 5 in Necromancy
  1312 | D:2      | Gained mutation: You are partially covered in sharp spines.
                  | [demonic ancestry]
  1312 | D:2      | Reached XP level 3. HP: 20/24 MP: 1/7
  2069 | D:2      | Found an iron altar of Okawaru.
  2069 | D:2      | Found a sacrificial altar of Ru.
  2070 | D:2      | Found an opulent altar of Gozag.
  2277 | D:3      | Found a snail-covered altar of Cheibriados.
  2562 | D:3      | Reached XP level 4. HP: 18/30 MP: 5/8
  2794 | D:3      | Learned a level 1 spell: Animate Skeleton
  3487 | D:4      | Found a shadowy altar of Dithmenos.
  3549 | D:4      | Noticed an ogre
  3845 | D:3      | Reached XP level 5. HP: 31/35 MP: 5/10
  4173 | D:3      | Learned a level 3 spell: Vampiric Draining
  4274 | D:4      | Noticed Robin
  4444 | D:4      | Gained mutation: You are partially covered in molten
                  | scales. (AC +2) [demonic ancestry]
  4444 | D:4      | Reached XP level 6. HP: 38/41 MP: 5/12
  4570 | D:4      | Noticed Grinder
  4605 | D:4      | Killed Robin
  5020 | D:4      | Noticed Ijyb
  5031 | D:4      | Killed Ijyb
  5031 | D:4      | Reached skill level 5 in Spellcasting
  5133 | D:5      | Entered Level 5 of the Dungeon
  5166 | D:5      | Found a blossoming altar of Fedhas.
  5278 | D:5      | Noticed a water moccasin
  5284 | D:5      | Killed a water moccasin
  5284 | D:5      | Gained mutation: You have very sharp fingernails. [demonic
                  | ancestry]
  5284 | D:5      | Reached XP level 7. HP: 43/46 MP: 5/14
  5887 | D:5      | Noticed Sigmund
  5889 | D:5      | Noticed Sigmund
  5889 | D:5      | Sigmund changed into Sigmund the boggart
  5894 | D:5      | Killed Sigmund the boggart
  5990 | D:5      | Learned a level 4 spell: Animate Dead
  6067 | D:5      | Found a staircase to the Ecumenical Temple.
  6079 | Temple   | Entered the Ecumenical Temple
  6091 | Temple   | Became a worshipper of Jiyva Jutsoup the Shapeless
  6513 | D:6      | Found a white marble altar of Elyvilon.
  6543 | D:6      | Reached * piety under Jiyva
  6670 | D:6      | Gained mutation: When hurt, damage is shared between your
                  | health and your magic reserves. [demonic ancestry]
  6670 | D:6      | Reached XP level 8. HP: 21/52 MP: 12/17
  6986 | D:6      | Reached ** piety under Jiyva
  7318 | D:6      | Found a blossoming altar of Fedhas.
  7739 | D:7      | Found an ornate altar of the Wu Jian Council.
  7771 | D:7      | Reached *** piety under Jiyva
  7802 | D:7      | Gained mutation: You are somewhat resistant to further
                  | mutation. [Jiyva's grace]
  7821 | D:7      | Reached **** piety under Jiyva
  7886 | D:7      | Found a hazy altar of Hepliaklqana.
  7889 | D:7      | Found a hide-covered altar of Uskayaw.
  7891 | D:7      | Found a sparkling altar of Nemelex Xobeh.
  8107 | D:7      | Lost mutation: You are somewhat resistant to further
                  | mutation. [Jiyva's grace]
  8375 | D:8      | Reached ***** piety under Jiyva
  8393 | D:8      | Reached skill level 10 in Necromancy
  8395 | D:8      | Gained mutation: You have a pair of small horns on your
                  | head. [Jiyva's grace]
  8397 | D:8      | Gained mutation: You regenerate magic rapidly. [demonic
                  | ancestry]
  8397 | D:8      | Reached XP level 9. HP: 56/56 MP: 15/20
  8431 | D:8      | Gained mutation: You are covered in slimy tendrils that may
                  | disarm your opponents. [Jiyva's grace]
  8632 | D:8      | Found a glowing golden altar of the Shining One.
  8866 | D:9      | Reached ****** piety under Jiyva
  8873 | D:9      | Gained mutation: You evolve. [Jiyva's grace]
  8885 | D:9      | Noticed a two-headed ogre
  8922 | D:8      | Killed a two-headed ogre
  9107 | D:9      | Noticed Erica
  9189 | D:9      | Killed Erica
  9212 | D:9      | Lost mutation: You are covered in slimy tendrils that may
                  | disarm your opponents. [Jiyva's grace]
  9353 | D:10     | Entered Level 10 of the Dungeon
  9361 | D:10     | Killed an unseen horror
  9361 | D:10     | Gained mutation: You are mostly covered in molten scales.
                  | (AC +3) [demonic ancestry]
  9361 | D:10     | Reached XP level 10. HP: 38/63 MP: 7/23
  9784 | D:10     | Gained mutation: You have a small jelly attached to you
                  | that senses nearby items. [Jiyva's grace]
  9803 | D:10     | Found a staircase to the Lair.
  9804 | D:10     | Noticed a two-headed ogre
  9821 | D:10     | Killed a two-headed ogre
  9887 | D:10     | Lost mutation: You have a small jelly attached to you that
                  | senses nearby items. [Jiyva's grace]
  9910 | D:10     | Noticed Psyche
  9918 | D:10     | Found a burning altar of Makhleb.
 10065 | D:10     | Killed Psyche
 10074 | D:10     | Gained mutation: You are resistant to hostile enchantments.
                  | (MR+) [Jiyva's grace]
 10099 | D:10     | Noticed Erolcha
 10113 | D:10     | Killed Erolcha
 10196 | D:10     | Lost mutation: You have a pair of small horns on your head.
                  | [Jiyva's grace]
 10471 | D:10     | Reached skill level 5 in Fighting
 10632 | D:10     | Gained mutation: Your spells are a little harder to cast,
                  | but a little more powerful. [Jiyva's grace]
 10763 | D:11     | Reached skill level 5 in Armour
 10799 | D:11     | Noticed a green ugly thing
 10810 | D:11     | Killed a green ugly thing
 10834 | D:11     | Gained mutation: Your rubbery body absorbs attacks. (AC +1,
                  | EV +1) [Jiyva's grace]
 10874 | D:11     | Noticed a cyan ugly thing
 10882 | D:11     | Killed a cyan ugly thing
 10882 | D:11     | Reached XP level 11. HP: 80/81 MP: 2/24
 11012 | D:11     | Found Poereof's Antique Weapon Shop.
 11111 | D:11     | Paralysed by a hornet for 2 turns
 11602 | Lair:1   | Entered Level 1 of the Lair of Beasts
 11647 | D:10     | Lost mutation: You are resistant to hostile enchantments.
                  | (MR+) [Jiyva's grace]
 12486 | Lair:1   | Got an ichor-stained leather armour
 12497 | Lair:1   | Identified the +3 leather armour of the Clam {MR++ Slay-3}
                  | (You found it on level 1 of the Lair of Beasts)
 12509 | Lair:1   | Gained mutation: You have sharp toenails. [Jiyva's grace]
 12974 | Lair:2   | Noticed Fannar
 13015 | Lair:2   | Killed Fannar
 13441 | Lair:2   | Gained mutation: You possess an exceptional clarity of
                  | mind. [evolution]
 13532 | Lair:2   | Gained mutation: You have a small jelly attached to you
                  | that may absorb incoming projectiles. [Jiyva's grace]
 14006 | Lair:3   | Reached XP level 12. HP: 92/95 MP: 17/25
 14051 | Lair:3   | Noticed a four-headed hydra
 14159 | Lair:3   | Learned a level 5 spell: Agony
 14242 | Lair:3   | Noticed Sonja
 14246 | Lair:3   | Killed Sonja
 14287 | Lair:3   | Killed a four-headed hydra
 14287 | Lair:3   | Reached skill level 10 in Fighting
 14454 | Lair:3   | Gained mutation: Your flesh is cold resistant. (rC+)
                  | [Jiyva's grace]
 14489 | Lair:3   | Found a staircase to the Snake Pit.
 14590 | Lair:3   | Found a staircase to the Shoals.
 14709 | Lair:3   | Reached skill level 10 in Armour
 14712 | Lair:3   | Reached skill level 1 in Staves
 14934 | Lair:3   | Got a fading quarterstaff
 14957 | Lair:3   | Lost mutation: You evolve. [Jiyva's grace]
 14957 | Lair:3   | Gained mutation: You are somewhat resistant to further
                  | mutation. [Jiyva's grace]
 15275 | Lair:3   | Noticed a four-headed hydra
 15282 | Lair:3   | Killed a four-headed hydra
 15609 | D:12     | You fall into a shaft and drop 2 floors!
 15729 | D:14     | Noticed a centaur warrior
 15737 | D:14     | Killed a centaur warrior
 15844 | D:14     | Noticed a two-headed ogre
 15854 | D:14     | Killed a two-headed ogre
 16065 | D:14     | Gained mutation: Your mind is acute. (Int +2) [Jiyva's
                  | grace]
 16071 | D:14     | Noticed a two-headed ogre
 16083 | D:14     | Killed a two-headed ogre
 16086 | D:14     | Reached XP level 13. HP: 106/107 MP: 7/26
 16100 | D:14     | Lost mutation: Your rubbery body absorbs attacks. (AC +1,
                  | EV +1) [Jiyva's grace]
 16187 | D:13     | Gained mutation: You are covered in slimy tendrils that may
                  | disarm your opponents. [Jiyva's grace]
 16366 | D:13     | Got a heavily runed leather armour
 16377 | D:13     | Identified the cursed +0 leather armour "Cukh" {Int+5} (You
                  | found it on level 13 of the Dungeon)
 16388 | D:13     | Identified the +4 quarterstaff of Xediof {vorpal, rElec}
                  | (You found it on level 3 of the Lair of Beasts)
 16616 | D:13     | Gained mutation: Your mind is very acute. (Int +4) [Jiyva's
                  | grace]
 16676 | D:13     | Killed from afar by a deep elf mage

Illustrated notes

Levels and vault maps discovered:
D:1:      dpeg_arrival_houses_and_road, layout_rooms,
          wander_ebering_terrifying_dragon_lair
D:2:      layout_loops_cross, nicolae_overflow_hidden_temple,
          overflow_temple_1_default, minmay_misc_feat_tiny, minmay_ruptured
D:3:      layout_loops_ring, lemuel_coloured_pillars_altar,
          minmay_misc_feat_more_columns
D:4:      layout_cave_pools, grunt_dithmenos_smoke, uniq_ijyb, uniq_robin,
          uniq_grinder
D:5:      layout_basic, minmay_temple_entry_trees, basic_altar,
          wad_rectangle_vault, uniq_sigmund
D:6:      layout_gridville, old_standard_altar, kennysheep_mini_moat,
          minmay_fractal_squares_gapless_5
D:7:      layout_cave_pools, lemuel_crystal_altar, grunt_temple_overflow_diamond
D:8:      layout_rooms, tso_oasis_becter
D:9:      layout_rooms, uniq_erica
D:10:     layout_loops_ring, erik_lair_orcish_takeover, basic_altar,
          amethyst_killhole, grunt_livestock, uniq_erolcha, uniq_psyche
D:11:     layout_roguey, serial_shops, nicolae_shop_crystal,
          corexii_corridor_pit, hangedman_abyss_or_decor_slice
D:12:     layout_loops_ring, david_orc_4, nicolae_straight_to_the_point,
          uniq_snorg
D:13:     layout_gridville, minivault_7
D:14:     layout_rooms, ximxim_vaults_locker_room, special_room
          [special_room_orc], hangedman_abyss_or_decor_jellyfish_corner,
          laboratory
Temple:   pf_slime_end_temple
Lair:1:   layout_roguey, beast_lair_carwin_6
Lair:2:   layout_long_grid, uniq_fannar
Lair:3:   layout_hall_layers, minmay_shoals_entry_beasts,
          minmay_snake_entry_six_corridors, minivault_26, st_stairs_6,
          grunt_forest_large_clearing_hut, uniq_sonja

Skill      XL: |  1  2  3  4  5  6  7  8  9 10 11 12 13 |
---------------+----------------------------------------+-----
Necromancy     | 5 6 7 8 10 11 12 | 12.0
Spellcasting   | 3 4 5 6 7 9 |  9.8
Fighting       | 6 9 11 12 | 12.0
Armour         | 5 8 10 | 10.0
Staves         | 4 |  4.0
Dodging        | 4 |  4.4
Stealth        | |  1.7

Action                   |  1- 3 |  4- 6 |  7- 9 | 10-12 | 13-15 || total
-------------------------+-------+-------+-------+-------+-------++-------
Melee: Short sword       |    14 |    36 |   165 |     6 |       ||   221
       Headbutt          |       |       |     7 |     7 |       ||    14
       Mace              |       |       |       |    99 |       ||    99
       Quarterstaff      |       |       |       |   107 |    44 ||   151
Throw: Throwing net      |       |       |       |     1 |       ||     1
 Cast: Pain              |    70 |    66 |    46 |    58 |     2 ||   242
       Vampiric Draining |       |    13 |    45 |   190 |    13 ||   261
       Animate Dead      |       |       |     2 |     1 |       ||     3
       Agony             |       |       |       |    18 |     4 ||    22
Invok: Request Jelly     |       |       |       |     3 |     1 ||     4
       Slimify           |       |       |       |       |     1 ||     1
Evoke: Wand              |       |       |     2 |       |       ||     2
  Use: Scroll            |       |     6 |       |       |     5 ||    11
       Potion            |       |       |     1 |       |     9 ||    10
 Stab: Sleeping          |     1 |       |     2 |       |     1 ||     4
Armor: Robe              |     1 |       |       |       |       ||     1
       Leather armour    |     2 |    24 |    49 |   120 |     8 ||   203
       Skin              |       |       |       |       |   148 ||   148
Dodge: Dodged            |    18 |    54 |   175 |   331 |    58 ||   636

Table legend: (Time is in decaauts)
 A = Elapsed time spent in this place.
 B = Non-inter-level travel time spent in this place.
 C = Inter-level travel time spent in this place.
 D = Time resting spent in this place.
 E = Time spent auto-exploring this place.
 F = Levels seen in this place.
 G = Mean time per level.
                   A        B        C        D        E       F      G
               +--------+--------+--------+--------+--------+-----+--------+
         Total |  16799 |  16039 |    760 |   2807 |  10610 |  18 |  933.3 |
       Dungeon |  13239 |  12578 |    661 |   2275 |   8248 |  14 |  945.6 |
        Temple |     24 |     24 |      0 |      0 |      0 |   1 |   24.0 |
          Lair |   3535 |   3436 |     99 |    532 |   2362 |   3 | 1178.3 |
               +--------+--------+--------+--------+--------+-----+--------+

Top non-repeatable levels by time:
     D:3: 2349 daAuts
    D:10: 1563 daAuts
  Lair:3: 1521 daAuts
     D:5: 1332 daAuts
     D:6: 1295 daAuts
  Lair:2: 1279 daAuts
     D:2: 1066 daAuts
     D:1: 1051 daAuts
    D:11: 884 daAuts
     D:4: 736 daAuts
  Lair:1: 734 daAuts
     D:7: 660 daAuts
     D:8: 588 daAuts
    D:14: 563 daAuts
    D:13: 523 daAuts
